 Dungeon Crawl Stone Soup version 0.29-a0-187-ga23d9638d5 (webtiles) character file.

Game seed: 2001435160207851919

13918 frimble the Frost Mage (level 12, -2/118 HPs)
             Began as a Gnoll Ice Elementalist on Feb 21, 2022.
             Was a High Priest of Cheibriados.
             Slain by an orc warlord (39 damage)
             ... on level 2 of the Orcish Mines.
             The game lasted 00:20:39 (11664 turns).

frimble the Frost Mage (Gnoll Ice Elementalist)    Turns: 11664, Time: 00:20:39

Health: -2/118     AC: 32    Str: 27    XL:     12   Next: 11%
Magic:  1/24       EV: 20    Int: 28    God:    Cheibriados [*****.]
Gold:   1353       SH:  0    Dex: 27    Spells: 14/28 levels left

rFire   + . .      SeeInvis .   y - +0 lajatang (vamp)
rCold   + . .      Faith    .   (shield currently unavailable)
rNeg    + . .      Spirit   .   (body armour currently unavailable)
rPois   ∞          Reflect  .   i - +1 helmet
rElec   +          Harm     .   k - +0 cloak
rCorr   +          Rampage  .   (gloves currently unavailable)
Will    .....                   (boots currently unavailable)
Stlth   +++++.....              (no amulet)
HPRegen 0.29/turn               l - +4 ring of protection
MPRegen 0.19/turn               o - +6 ring of strength

@: statue-form, resistant, slightly contaminated, very slow
A: slow and powerful, torment resistance 1, boosted hp, fangs 1, strong nose,
distributed training
a: End Transformation, Renounce Religion, Bend Time, Temporal Distortion,
Slouch, Step From Time


You were on level 2 of the Orcish Mines.
You worshipped Cheibriados.
Cheibriados was extremely pleased with you.
You were a living statue of rough stone.
You visited 3 branches of the dungeon, and saw 14 of its levels.
You visited the Abyss 1 time.
You also visited: Sewer.

You collected 1473 gold pieces.
You spent 120 gold pieces at shops.

Inventory:

Hand Weapons
 h - a +1 whip of electrocution
 j - a +1 dagger of holy wrath
 m - a +0 short sword of protection
 y - a +0 vampiric lajatang (weapon)
 G - a +1 short sword of electrocution
Armour
 b - a +0 pair of gloves (melded)
 i - a +1 helmet (worn)
 k - a +0 cloak (worn)
 u - an orb of light
 C - a +0 pair of boots (melded)
 F - a +1 troll leather armour (melded)
Jewellery
 l - a +4 ring of protection (left fist)
 o - a +6 ring of strength (right fist)
 x - a +6 ring of strength
 z - a ring of positive energy
 E - a ring of resist corrosion
Wands
 d - a wand of iceblast (12)
 w - a wand of flame (20)
 D - a wand of polymorph (4)
Scrolls
 a - 3 scrolls of amnesia
 c - a scroll of blinking
 e - 5 scrolls of teleportation
 p - a scroll of immolation
 v - a scroll of identify
Potions
 f - 2 potions of might
 g - a potion of resistance
 n - a potion of cancellation
 q - a potion of curing
 r - 2 potions of brilliance
 s - a potion of heal wounds
 t - 4 potions of mutation
 A - 6 potions of flight
 B - a potion of lignification


   Skills:
 + Level 7.0 Fighting
 + Level 7.0 Short Blades
 + Level 7.0 Long Blades
 + Level 7.0 Axes
 + Level 7.0 Maces & Flails
 + Level 7.0 Polearms
 + Level 7.0 Staves
 + Level 7.0 Slings
 + Level 7.0 Bows
 + Level 7.0 Crossbows
 + Level 7.0 Throwing
 + Level 7.0 Armour
 + Level 8.4 Dodging
 + Level 8.2 Stealth
 + Level 7.0 Shields
 + Level 7.0 Unarmed Combat
 + Level 8.7 Spellcasting
 + Level 5.8 Conjurations
 + Level 5.8 Hexes
 + Level 5.8 Summonings
 + Level 5.8 Necromancy
 + Level 5.8 Translocations
 + Level 5.8 Transmutations
 + Level 5.8 Fire Magic
 + Level 9.3 Ice Magic
 + Level 5.8 Air Magic
 + Level 5.8 Earth Magic
 + Level 5.8 Poison Magic
 + Level 7.6 Invocations
 + Level 7.0 Evocations


You had 14 spell levels left.
You knew the following spells:

 Your Spells              Type           Power      Damage    Failure   Level
b - Frozen Ramparts       Ice            100%       1d12      1%          3
c - Ozocubu's Armour      Ice            59%        N/A       1%          3
d - Statue Form           Tmut/Erth      29%        N/A       54%         6
e - Blink                 Tloc           88%        N/A       1%          2

Your spell library contained the following spells:

 Spells                   Type           Power      Damage    Failure   Level
 Animate Skeleton         Necr           88%        N/A       1%          1
 Freeze                   Ice            100%       1d11      1%          1
 Pain                     Necr           100%       1d9       1%          1
 Sublimation of Blood     Necr           44%        N/A       1%          2
 Wereblood                Tmut           44%        N/A       1%          2
 Conjure Flame            Conj/Fire      44%        6-21      1%          3
 Ignite Poison            Fire/Tmut/Pois 44%        N/A       1%          3
 Lesser Beckoning         Tloc           44%        N/A       1%          3
 Vampiric Draining        Necr           44%        2d9       1%          3
 Hailstorm                Conj/Ice       53%        3d12      1%          4
 Summon Ice Beast         Ice/Summ       53%        N/A       1%          4
 Fulminant Prism          Conj/Hex       22%        3d13      4%          4
 Iskenderun's Mystic Bla  Conj/Tloc      44%        2d10      4%          4
 Petrify                  Tmut/Erth      44%        N/A       4%          4
 Sticky Flame             Conj/Fire      44%        2d6       4%          4
 Metabolic Englaciation   Hex/Ice        26%        N/A       6%          5
 Lee's Rapid Deconstruct  Erth           22%        3d13*     12%         5
 Manifold Assault         Tloc           44%        N/A       12%         5
 Summon Mana Viper        Hex/Summ       44%        N/A       12%         5
 Monstrous Menagerie      Summ           22%        N/A       98%         7
 Summon Hydra             Summ           22%        N/A       98%         7


Dungeon Overview and Level Annotations

Branches:
Dungeon (11/15)            Temple (1/1) D:6             Orc (2/2) D:11
    Elf (0/3) Orc:2         Sewer (visited)
   Lair: D:8-11

Altars:
Cheibriados
Elyvilon
Fedhas
Gozag
Kikubaaqudgha
Makhleb
Okawaru
Qazlal
Ru
Sif Muna
Trog
Uskayaw
Vehumet
Wu Jian
Xom
Yredelemnul
Zin
The Shining One
Beogh

Shops:
D:1 ?   D:4 ?[   D:7 *(:[   D:8 [   Orc:2 *![

Annotations:
D:9 Psyche


Innate Abilities, Weirdness & Mutations

You are a living statue of rough stone.
Your actions are slow, but your melee attacks are powerful.
You are resistant to unholy torment.
Your maximum health is greatly increased.
You are immune to poison.
Your equipment is partially melded.
You have very sharp teeth.
Your uncanny sense of smell can sniff out nearby items.
Your experience applies equally to all skills.


Message History

You miscast Statue Form.
You are contaminated with residual magic.
Nothing appears to happen.
The orc warrior shouts!
The orc warrior complains noisily, in orcish tradition.
The orc warlord hits you with a +2 battleaxe of electrocution.
You feel less contaminated with magical energies.
Casting: Statue Form (quite dangerous; 58% risk of failure)
Confirm with . or Enter, or press ? or * to list all spells.
The spell is quite dangerous to miscast (58% risk of failure)!
Continue anyway?
You turn into a living statue of rough stone.
Your +0 pair of gloves melds into your body.
Your +0 pair of boots melds into your body.
Your +1 troll leather armour melds into your body.
The orc knight roars a battlecry!
The orc warlord goes into a battle-frenzy!
An orc warrior comes into view. It is wielding a +0 flail.
The orc warlord completely misses you.
The orc warrior shouts!
You slice the orc warlord!!
You feel better.
The orc warlord is moderately wounded.
The orc warlord hits you with a +2 battleaxe of electrocution!!
* * * LOW HITPOINT WARNING * * *
An orc comes into view. It is wielding a +0 flail.
You slice the orc warlord!!
You feel better.
The orc warlord is heavily wounded.
The orc warlord hits you with a +2 battleaxe of electrocution!
The orc knight roars a battlecry!
The orcs go into a battle-frenzy!
The orc closely misses you.
The orc warlord hits you with a +2 battleaxe of electrocution!
* * * LOW HITPOINT WARNING * * *
You slash the orc warlord!
You bite the orc warlord, but do no damage.
The orc warlord is heavily wounded.
The orc completely misses you. The orc warlord misses you.
You feel much better. The orc barely misses you.
The orc warlord completely misses you. The orc barely misses you.
The orc warlord hits you with a +2 battleaxe of electrocution!!!
You die...

......###∩.∩.∩#.
....## ........ ##..
...⌠.... #.#
........ #.#
#∩.∩.∩#. .# #######.
# #.# ##.))o.
#.####.## #)))...
#.o8ooo.# ####).....
#####oo.###.§oooo..#
##..#..#)####..##
#......o.# #.#.#
##.#.......# #....
#..........# #.#..
##.........# #.#..
##........# .
#...........


You could see an orc warlord (strong), an orc knight (strong), 3 orc warriors,
an orc priest and an orc (strong).

Vanquished Creatures
  Erolcha (Orc:2)
  4 two-headed ogres (D:10)
  Lodul (D:10)
  2 cyclopes
  An unseen horror (D:10)
  5 trolls
  A meliai zombie (D:11)
  A wraith (D:10)
  A vampire (D:10)
  A wyvern (D:6)
  3 yaks (D:10)
  3 wargs
  Edmund (D:5)
  4 water moccasins
  21 orc warriors
  2 sky beasts
  An ice beast (D:6)
  9 ogres
  A necrophage (D:5)
  3 black bears
  4 centaurs (D:11)
  3 phantoms
  A kobold brigand (D:8)
  A gnoll sergeant (D:7)
  6 scorpions
  A bullfrog (D:7)
  4 killer bees (D:7)
  5 wights (D:10)
  2 howler monkeys
  2 centaur zombies
  3 hounds
  A jelly (D:8)
  A bullfrog skeleton (D:6)
  10 orc priests
  A centaur skeleton (D:7)
  Jessica (D:3)
  3 iguanas
  Ijyb (D:5)
  12 orc wizards
  2 killer bee zombies
  Robin (D:2)
  7 gnolls
  A howler monkey skeleton (D:7)
  10 adders
  5 river rats (Sewer)
  A shadow imp (D:7)
  A white imp (D:7)
  An ufetubus (D:6)
  2 adder skeletons (D:4)
  A worm (D:2)
  3 dart slugs
  70 orcs
  6 endoplasms
  7 giant cockroaches
  19 goblins
  6 hobgoblins
  5 jackals (Sewer)
  5 quokkas
  12 ball pythons
  23 bats
  3 frilled lizards
  18 kobolds
  3 rats
340 creatures vanquished.

Vanquished Creatures (others)
  A centaur skeleton (D:7)
  An orc wizard (Orc:2)
  8 fungi (D:8)
  2 plants (D:11)
  A starspawn tentacle (Abyss:3)
13 creatures vanquished.

Grand Total: 353 creatures vanquished

Notes
Turn   | Place    | Note
-------+----------+-------------------------------------------
     0 | D:1      | frimble the Gnoll Ice Elementalist began the quest for the
                  | Orb.
     0 | D:1      | Reached XP level 1. HP: 13/13 MP: 6/6
   126 | D:1      | Found Otamitos's Magic Scroll Emporium.
   338 | D:1      | Reached XP level 2. HP: 19/19 MP: 3/7
  1086 | D:2      | Noticed Robin
  1092 | D:2      | Reached skill level 5 in Spellcasting
  1092 | D:2      | Reached XP level 3. HP: 24/25 MP: 2/9
  1556 | D:2      | Learned a level 3 spell: Frozen Ramparts
  1560 | D:2      | Learned a level 3 spell: Ozocubu's Armour
  1582 | D:2      | Reached skill level 1 in Invocations
  1701 | D:2      | Reached skill level 1 in Fighting
  1701 | D:2      | Reached skill level 1 in Short Blades
  1701 | D:2      | Reached skill level 1 in Long Blades
  1701 | D:2      | Reached skill level 1 in Axes
  1701 | D:2      | Reached skill level 1 in Maces & Flails
  1701 | D:2      | Reached skill level 1 in Polearms
  1701 | D:2      | Reached skill level 1 in Staves
  1701 | D:2      | Reached skill level 1 in Slings
  1701 | D:2      | Reached skill level 1 in Bows
  1701 | D:2      | Reached skill level 1 in Crossbows
  1701 | D:2      | Reached skill level 1 in Throwing
  1701 | D:2      | Reached skill level 1 in Armour
  1701 | D:2      | Reached skill level 1 in Shields
  1701 | D:2      | Reached skill level 1 in Unarmed Combat
  1701 | D:2      | Reached skill level 1 in Evocations
  1778 | D:2      | You fall into a shaft and drop 1 floor!
  1781 | D:3      | Reached XP level 4. HP: 32/32 MP: 8/11
  2207 | D:2      | Reached skill level 1 in Conjurations
  2207 | D:2      | Reached skill level 1 in Hexes
  2207 | D:2      | Reached skill level 1 in Summonings
  2207 | D:2      | Reached skill level 1 in Necromancy
  2207 | D:2      | Reached skill level 1 in Translocations
  2207 | D:2      | Reached skill level 1 in Transmutations
  2207 | D:2      | Reached skill level 1 in Fire Magic
  2207 | D:2      | Reached skill level 1 in Air Magic
  2207 | D:2      | Reached skill level 1 in Earth Magic
  2207 | D:2      | Reached skill level 1 in Poison Magic
  2217 | D:2      | Killed Robin
  2276 | D:2      | Found a faded altar of an unknown god.
  2866 | D:3      | Noticed Jessica
  2869 | D:3      | Killed Jessica
  2870 | D:3      | Reached XP level 5. HP: 32/37 MP: 12/12
  3271 | D:4      | Reached XP level 6. HP: 44/44 MP: 6/13
  3319 | D:4      | Found Ceempac's Antique Armour Shoppe.
  3433 | D:4      | Found Feru Mut's Magic Scroll Shop.
  3444 | D:4      | Bought a scroll of magic mapping for 42 gold pieces
  3444 | D:4      | Bought a scroll of teleportation for 36 gold pieces
  3475 | D:4      | Reached skill level 5 in Dodging
  3656 | D:4      | Noticed a black bear
  3665 | D:4      | Killed a black bear
  3721 | D:4      | Noticed a black bear
  3732 | D:4      | Reached XP level 7. HP: 50/50 MP: 8/15
  3847 | D:4      | Found a glowing golden altar of the Shining One.
  3847 | D:4      | Found a sacrificial altar of Ru.
  3855 | D:4      | Found a bloodstained altar of Trog.
  3857 | D:4      | Found a faded altar of an unknown god.
  3859 | D:4      | Found a shimmering altar of Xom.
  4193 | D:5      | Entered Level 5 of the Dungeon
  4221 | D:5      | Noticed Ijyb
  4241 | D:5      | Killed Ijyb
  4375 | D:5      | Found a basalt altar of Yredelemnul.
  4447 | D:5      | Reached skill level 5 in Stealth
  4726 | D:5      | Reached XP level 8. HP: 52/57 MP: 11/16
  4848 | D:5      | Noticed Edmund
  4858 | D:5      | Killed Edmund
  5282 | D:6      | Noticed a wyvern
  5295 | D:6      | Killed a wyvern
  5372 | D:6      | Found a glowing drain.
  5386 | Sewer    | Entered a sewer
  6462 | D:6      | Found a staircase to the Ecumenical Temple.
  6475 | D:6      | Reached XP level 9. HP: 65/65 MP: 12/18
  6561 | D:6      | Found a glowing silver altar of Zin.
  6888 | D:7      | Found Eciffarr's Book Emporium.
  6931 | Temple   | Entered the Ecumenical Temple
  7159 | Temple   | Became a worshipper of Cheibriados the Contemplative
  7249 | D:7      | Reached skill level 8 in Ice Magic
  7323 | D:7      | Found Sipsikut's Antique Armour Emporium.
  7641 | D:7      | Found Duwimyle's Weapon Shoppe.
  7653 | D:7      | Found a burning altar of Makhleb.
  7668 | D:7      | Reached * piety under Cheibriados
  7669 | D:7      | Found Ceykh's Assorted Antiques.
  7728 | D:7      | Found a white marble altar of Elyvilon.
  7751 | D:7      | Reached skill level 5 in Invocations
  7832 | D:7      | Found a stormy altar of Qazlal.
  8055 | D:7      | Identified a scroll of acquirement
  8055 | D:7      | Acquired a +0 vampiric lajatang
  8065 | D:7      | Learned a level 6 spell: Statue Form
  8486 | D:8      | Reached XP level 10. HP: 73/73 MP: 17/20
  8649 | D:8      | Reached ** piety under Cheibriados
  8657 | D:8      | Found Foninen's Armour Boutique.
  8943 | D:9      | Noticed Psyche
  8987 | D:10     | Entered Level 10 of the Dungeon
  8998 | D:10     | Reached skill level 5 in Fighting
  8998 | D:10     | Reached skill level 5 in Short Blades
  8998 | D:10     | Reached skill level 5 in Long Blades
  8998 | D:10     | Reached skill level 5 in Axes
  8998 | D:10     | Reached skill level 5 in Maces & Flails
  8998 | D:10     | Reached skill level 5 in Polearms
  8998 | D:10     | Reached skill level 5 in Staves
  8998 | D:10     | Reached skill level 5 in Slings
  8998 | D:10     | Reached skill level 5 in Bows
  8998 | D:10     | Reached skill level 5 in Crossbows
  8998 | D:10     | Reached skill level 5 in Throwing
  8998 | D:10     | Reached skill level 5 in Armour
  8998 | D:10     | Reached skill level 5 in Shields
  8998 | D:10     | Reached skill level 5 in Unarmed Combat
  8998 | D:10     | Reached skill level 5 in Evocations
  9178 | D:10     | Learned a level 2 spell: Blink
  9681 | D:10     | Killed an unseen horror
  9739 | D:10     | Noticed a two-headed ogre
  9739 | D:10     | Noticed a two-headed ogre
  9740 | D:10     | Noticed a two-headed ogre
  9742 | D:10     | Noticed a two-headed ogre
  9754 | D:10     | Killed a two-headed ogre
  9757 | D:10     | Killed a two-headed ogre
  9760 | D:10     | Killed a two-headed ogre
  9761 | D:10     | Reached XP level 11. HP: 69/81 MP: 17/22
  9762 | D:10     | Killed a two-headed ogre
  9765 | D:10     | Reached skill level 5 in Conjurations
  9765 | D:10     | Reached skill level 5 in Hexes
  9765 | D:10     | Reached skill level 5 in Summonings
  9765 | D:10     | Reached skill level 5 in Necromancy
  9765 | D:10     | Reached skill level 5 in Translocations
  9765 | D:10     | Reached skill level 5 in Transmutations
  9765 | D:10     | Reached skill level 5 in Fire Magic
  9765 | D:10     | Reached skill level 5 in Air Magic
  9765 | D:10     | Reached skill level 5 in Earth Magic
  9765 | D:10     | Reached skill level 5 in Poison Magic
  9799 | D:10     | Noticed Lodul
  9835 | D:10     | Killed Lodul
 10173 | D:11     | Noticed a cyclops
 10183 | D:11     | Reached *** piety under Cheibriados
 10190 | D:11     | Killed a cyclops
 10300 | D:11     | Found a staircase to the Orcish Mines.
 10304 | D:11     | Noticed an eight-headed hydra
 10314 | Orc:1    | Entered Level 1 of the Orcish Mines
 10427 | Orc:1    | Noticed a cyclops
 10433 | Orc:1    | Reached skill level 9 in Ice Magic
 10447 | Orc:1    | Killed a cyclops
 10619 | Orc:1    | Reached **** piety under Cheibriados
 10631 | Orc:1    | You fall into a shaft and drop 1 floor!
 10631 | Orc:2    | Entered Level 2 of the Orcish Mines
 10719 | Orc:2    | Found Uhuseg's Antique Armour Shop.
 11343 | Orc:2    | Found Voitules's Distillery.
 11354 | Orc:2    | Bought a potion of lignification for 42 gold pieces
 11407 | Orc:2    | Noticed Erolcha
 11414 | Orc:2    | Reached ***** piety under Cheibriados
 11419 | Orc:2    | Cast into level 2 of the Abyss (Erolcha)
 11470 | Abyss:3  | Noticed a wretched star
 11476 | Abyss:3  | Found a broken altar of Ashenzari.
 11485 | Abyss:3  | Noticed a large abomination
 11487 | Abyss:3  | Noticed a tentacled starspawn
 11494 | Orc:2    | Escaped the Abyss
 11501 | Orc:2    | Killed Erolcha
 11502 | Orc:2    | Reached XP level 12. HP: 89/89 MP: 13/24
 11595 | Orc:2    | Found Dayneh's CLEARANCE SALE!.
 11596 | Orc:2    | Found a staircase to the Elven Halls.
 11643 | Orc:2    | Noticed an orc warlord
 11664 | Orc:2    | Slain by an orc warlord

Illustrated notes

Levels and vault maps discovered:
D:1:      dpeg_arrival_pond, layout_loops_ring, serial_shops, shop
D:2:      layout_loops_ring, ebering_ecumenical_altar_sacrificial,
          kennysheep_generic_room_3, uniq_robin
D:3:      layout_rooms, uniq_jessica
D:4:      layout_loops_cross, chequers_temple_overflow_minitemple, serial_shops,
          nicolae_shop_stone, kennysheep_diamond, minmay_box_of_dots
D:5:      layout_gridville, mainiacjoe_overflow_cross_hatched,
          hangedman_decor_peaks_small, minmay_misc_feat_rugged, corner_web_ring,
          uniq_ijyb, uniq_edmund
D:6:      layout_basic, mainiacjoe_overflow_24_doors, temple_statues,
          cheibrodos_sewer_entry_sluice, sigmund_army
D:7:      layout_basic, elyvilon_altar_1, mainiacjoe_overflow_big_doors,
          serial_shops, nicolae_shop_stone, nicolae_shop_waterfront,
          shop_statue, nicolae_take_the_stairs, kennysheep_generic_room_14
D:8:      old_forge, layout_rooms, serial_shops, nicolae_square_shop,
          chequers_serial_rivers_large_a, nicolae_zen_rock_garden
D:9:      layout_basic, nzn_hepliaklqana_mist_gate, serial_shops, shop_statue,
          uniq_psyche
D:10:     layout_irregular_city, uniq_lodul
D:11:     layout_basic, david_lair_shrubbed, orc_0_dummy, ebering_ghost_xom,
          lemuel_old_faithful, uniq_erica
Temple:   minmay_temple_forest_path
Orc:1:    layout_caves, basic_altar, minmay_orc_temple_a
Orc:2:    grunt_orc_community_town_hall, layout_caves,
          grunt_orc_community_big_house_2, grunt_orc_community_big_house_2,
          grunt_orc_community_house_3, grunt_orc_community_house_3,
          grunt_orc_community_house_2, grunt_orc_community_house_1,
          grunt_orc_community_house_2, grunt_orc_community_house_3,
          nicolae_shop_clearance, uniq_erolcha

Skill      XL: |  1  2  3  4  5  6  7  8  9 10 11 12 |
---------------+-------------------------------------+-----
Spellcasting   | 5 6 7 8 |  8.7
Invocations    | 1 2 3 4 5 6 7 |  7.6
Fighting       | 1 2 3 4 5 6 7 |  7.0
Short Blades   | 1 2 3 4 5 6 7 |  7.0
Long Blades    | 1 2 3 4 5 6 7 |  7.0
Axes           | 1 2 3 4 5 6 7 |  7.0
Maces & Flails | 1 2 3 4 5 6 7 |  7.0
Polearms       | 1 2 3 4 5 6 7 |  7.0
Staves         | 1 2 3 4 5 6 7 |  7.0
Slings         | 1 2 3 4 5 6 7 |  7.0
Bows           | 1 2 3 4 5 6 7 |  7.0
Crossbows      | 1 2 3 4 5 6 7 |  7.0
Throwing       | 1 2 3 4 5 6 7 |  7.0
Armour         | 1 2 3 4 5 6 7 |  7.0
Shields        | 1 2 3 4 5 6 7 |  7.0
Unarmed Combat | 1 2 3 4 5 6 7 |  7.0
Evocations     | 1 2 3 4 5 6 7 |  7.0
Conjurations   | 1 2 3 4 5 |  5.8
Hexes          | 1 2 3 4 5 |  5.8
Summonings     | 1 2 3 4 5 |  5.8
Necromancy     | 1 2 3 4 5 |  5.8
Translocations | 1 2 3 4 5 |  5.8
Transmutations | 1 2 3 4 5 |  5.8
Fire Magic     | 1 2 3 4 5 |  5.8
Air Magic      | 1 2 3 4 5 |  5.8
Earth Magic    | 1 2 3 4 5 |  5.8
Poison Magic   | 1 2 3 4 5 |  5.8
Dodging        | 5 6 7 8 |  8.4
Stealth        | 5 6 7 8 |  8.2
Ice Magic      | 8 9 |  9.3

Action                   |  1- 3 |  4- 6 |  7- 9 | 10-12 || total
-------------------------+-------+-------+-------+-------++-------
Melee: Unarmed           |    12 |       |       |       ||    12
       Whip              |    27 |   140 |   395 |     2 ||   564
       Bite              |     2 |    20 |    45 |    43 ||   110
       Punch             |       |     3 |    11 |       ||    14
       Lajatang          |       |       |    41 |   320 ||   361
 Cast: Freeze            |    38 |    10 |       |       ||    48
       Ozocubu's Armour  |       |     5 |    12 |    14 ||    31
       Frozen Ramparts   |       |     4 |    18 |    20 ||    42
       Blink             |       |       |       |     1 ||     1
       Statue Form       |       |       |       |     1 ||     1
Evoke: Wand              |       |       |       |     7 ||     7
  Use: Scroll            |       |     6 |    12 |     5 ||    23
       Potion            |       |       |       |     3 ||     3
 Stab: Sleeping          |     3 |     6 |    15 |     3 ||    27
       Distracted        |       |     1 |       |     1 ||     2
Armor: Robe              |    16 |    59 |   221 |    28 ||   324
       Troll leather arm |       |       |       |   153 ||   153
Dodge: Dodged            |    39 |   112 |   394 |   380 ||   925

Table legend: (Time is in decaauts)
 A = Elapsed time spent in this place.
 B = Non-inter-level travel time spent in this place.
 C = Inter-level travel time spent in this place.
 D = Time resting spent in this place.
 E = Time spent auto-exploring this place.
 F = Levels seen in this place.
 G = Mean time per level.
                   A        B        C        D        E       F      G
               +--------+--------+--------+--------+--------+-----+--------+
         Total |  13387 |  12894 |    493 |    243 |   9608 |  17 |  787.5 |
       Dungeon |   9989 |   9603 |    386 |    184 |   7509 |  11 |  908.1 |
        Temple |    274 |    190 |     84 |      0 |    181 |   1 |  274.0 |
  Orcish Mines |   1873 |   1852 |     21 |     59 |   1189 |   2 |  936.5 |
         Abyss |    130 |    130 |      0 |      0 |     40 |   2 |   65.0 |
         Sewer |   1118 |   1118 |      0 |      0 |    689 |   1 | 1118.0 |
               +--------+--------+--------+--------+--------+-----+--------+

Top non-repeatable levels by time:
    D:10: 1475 daAuts
     D:1: 1333 daAuts
     D:2: 1160 daAuts
   Sewer: 1118 daAuts
     D:8: 1098 daAuts
     D:7: 1090 daAuts
     D:5: 1046 daAuts
     D:4: 992 daAuts
   Orc:1: 985 daAuts
   Orc:2: 888 daAuts
     D:6: 748 daAuts
     D:3: 717 daAuts
  Temple: 274 daAuts
    D:11: 229 daAuts
     D:9: 96 daAuts
